 Dungeon Crawl Stone Soup version 0.26.1-11-gd32895ea62 (webtiles) character file.

Game seed: 15121033503647426885

13736 Almogavar the Carver (level 12, -9/141 HPs)
             Began as a Human Berserker on May 13, 2021.
             Was a High Priest of Trog.
             Mangled by an orc warlord
             ... wielding a +3 great sword
              (32 damage)
             ... on level 1 of the Orcish Mines.
             The game lasted 00:50:17 (17716 turns).

Almogavar the Carver (Human Berserker)             Turns: 17716, Time: 00:50:18

Health: -9/141     AC: 15    Str: 29    XL:     12   Next: 36%
Magic:  12/12      EV: 14    Int:  7    God:    Trog [*****.]
Gold:   998        SH:  0    Dex: 13    Spells: 11/11 levels left

rFire    . . .     SeeInvis +   F - +2 falchion of Theory {vorpal, SInv}
rCold    + . .     Faith    .   (no shield)
rNeg     . . .     Spirit   .   B - +0 scale mail {rC+}
rPois    .         Reflect  .   (no helmet)
rElec    .         Harm     .   (no cloak)
rCorr    .         Rampage  .   (no gloves)
Will     .....                  Q - +2 pair of boots
Stlth    ..........             w - amulet of magic regeneration
HPRegen  0.33/turn              a - +4 ring of protection
MPRegen  0.38/turn              O - +6 ring of strength

@: berserking (expiring), very quick
A: no striking features
a: Renounce Religion, Berserk, Trog's Hand, Brothers in Arms


You were on level 1 of the Orcish Mines.
You worshipped Trog.
Trog was extremely pleased with you.
You visited 3 branches of the dungeon, and saw 14 of its levels.
You also visited: Bailey.

You collected 998 gold pieces.

Inventory:

Hand Weapons
 c - the +3 dagger of Excruciating Pain {venom, rC++ Int+2}
   (You found it on level 11 of the Dungeon)

   It poisons the flesh of those it strikes.
   It affects your intelligence (+2).
   It greatly protects you from cold.
 F - the +2 falchion of Theory (weapon) {vorpal, SInv}
   (You found it in a bailey)

   It inflicts extra damage upon your enemies.
   It lets you see invisible.
 I - a +3 flail of draining
 J - a +2 hand crossbow of freezing
Missiles
 m - 80 bolts
 D - 20 javelins
 K - 4 silver boomerangs
 P - 27 poisoned darts
Armour
 B - a +0 scale mail of cold resistance (worn)
 C - a +0 chain mail
 L - +0 ice dragon scales
 Q - a +2 pair of boots (worn)
 U - a +0 kite shield
 X - +0 steam dragon scales
Jewellery
 a - a +4 ring of protection (left hand)
 b - an uncursed ring of flight
 g - an uncursed ring of positive energy
 j - an uncursed ring of stealth
 o - an uncursed ring of poison resistance
 w - an amulet of magic regeneration (around neck)
 O - a +6 ring of strength (right hand)
 R - an uncursed ring of ice
 Y - an uncursed ring of fire
Wands
 E - a wand of iceblast (8)
Scrolls
 d - 2 scrolls of magic mapping
 f - 3 scrolls of enchant weapon
 n - 6 scrolls of teleportation
 p - 3 scrolls of blinking
 q - 3 scrolls of fog
 u - 2 scrolls of noise {unknown}
 x - 3 scrolls of random uselessness {unknown}
 y - 10 scrolls of remove curse
 M - a scroll of fear {unknown}
 T - a scroll of silence {unknown}
 V - a scroll of acquirement {unknown}
Potions
 h - 3 potions of ambrosia
 i - a potion of lignification
 k - a potion of heal wounds
 l - 2 potions of cancellation
 r - 4 potions of flight
 s - a potion of berserk rage
 z - 2 potions of attraction {unknown}
 A - a potion of magic {unknown}
 G - 3 potions of curing {unknown}
 H - 2 potions of haste {unknown}
 N - a potion of experience {unknown}
 S - a potion of mutation {unknown}
 W - a potion of might {unknown}
 Z - 2 potions of brilliance {unknown}
Miscellaneous
 t - a phial of floods


   Skills:
 + Level 8.8 Fighting
 + Level 11.9 Long Blades
 - Level 2.3 Maces & Flails
 + Level 0.1 Crossbows
 + Level 9.2 Armour
 + Level 7.4 Dodging
 + Level 4.5 Stealth
 + Level 2.8 Evocations


You had 11 spell levels left.
You didn't know any spells.
Your spell library was empty.

Dungeon Overview and Level Annotations

Branches:
Dungeon (11/15)            Temple (0/1) D:6            Lair (1/6) D:9
    Orc (2/2) D:9             Elf (0/3) Orc:2        Bailey (visited)

Altars:
Fedhas
Gozag
Qazlal
Yredelemnul
The Shining One
Beogh

Shops:
D:10 :

Annotations:
D:3 2 transporters
D:7 2 transporters


Message History

The orc hits you but does no damage.
The orc warlord hits you with a +3 great sword!!
* * * LOW HITPOINT WARNING * * *
You hit the orc warlord but do no damage.
The orc warlord is moderately wounded.
The orc hits you but does no damage.
The orc warrior hits you but does no damage.
You slash the orc warlord!
The orc warlord is moderately wounded.
The orc warrior hits you with a cursed -2 long sword!
* * * LOW HITPOINT WARNING * * *
The orc hits you with a +0 flail.
* * * LOW HITPOINT WARNING * * *
You closely miss the orc warlord.
The orc warlord is moderately wounded.
The orc misses you.
You riposte.
You slash the orc!
You kill the orc!
Trog accepts your kill.
The orc warlord hits you with a +3 great sword!!
You die...

##...............## ###
#.................# ####.##
##.##.#.##........## ####.#...#
###....#.#........###.....#.##
##......#......##.........##
##.##.#.##..................##
#...#####....................#
##...##.#.....o[o[............##
##...#.........)@<.[............#
#..............oo...#........#...
............#.#............###...
#............#....#.#.......#...#
....##^..............##......#.##
.....#.......##.......#.....####
..#..##.......##.##....#.####
###...##.......#.###..####
##.####...#.#...#...#


You could see an orc warlord, 2 orc warriors and an orc (strong).

Vanquished Creatures
  Jorgrun (Orc:1)
  Snorg (D:9)
  A two-headed ogre (D:10)
  A cyclops (Orc:1)
  3 trolls
  2 hornets
  5 yaks (D:9)
  A steam dragon (D:10)
  A soldier ant (D:11)
  Edmund (D:4)
  A warg (Orc:1)
  Duvessa (D:5)
  20 orc warriors
  4 sky beasts
  2 ice beasts
  2 phantoms (D:8)
  8 ogres
  13 centaurs
  4 big kobolds
  A bullfrog (D:6)
  2 gnoll sergeants
  A wyvern zombie (D:7)
  A wyvern skeleton (D:3)
  7 scorpions
  Dowan (D:5)
  4 wights (D:11)
  12 killer bees
  4 howler monkeys
  A quasit (D:5)
  2 hounds
  9 orc priests
  A jelly (D:5)
  A bullfrog skeleton (D:8)
  A centaur skeleton (D:6)
  13 orc wizards
  3 iguanas
  7 worker ants
  A killer bee zombie (D:7)
  A hound zombie (D:8)
  14 gnolls
  7 adders
  2 shadow imps (D:8)
  2 ufetubi
  2 oozes (D:4)
  4 adder skeletons
  4 worms
  2 dart slugs
  4 leopard geckos
  70 orcs
  2 ball pythons
  6 giant cockroaches
  7 goblins
  12 hobgoblins
  17 jackals
  27 kobolds
  3 quokkas
  4 bats
  5 frilled lizards
  A jackal skeleton (D:4)
  A quokka skeleton (D:8)
  A quokka zombie (D:8)
  13 rats
355 creatures vanquished.

Notes
Turn   | Place    | Note
-------+----------+-------------------------------------------
     0 | D:1      | Almogavar the Human Berserker began the quest for the Orb.
     0 | D:1      | Reached XP level 1. HP: 18/18 MP: 1/1
     2 | D:1      | Noticed a demonspawn
     2 | D:1      | Noticed a naga
     4 | D:1      | Noticed a dwarf
     6 | D:1      | Noticed a centaur
     6 | D:1      | Noticed a vine stalker
     8 | D:1      | Noticed a draconian
     8 | D:1      | Noticed a halfling
    10 | D:1      | Noticed a demigod
    12 | D:1      | Noticed a spriggan
    12 | D:1      | Noticed a ghoul
    14 | D:1      | Noticed a felid
    14 | D:1      | Noticed a gargoyle
    16 | D:1      | Noticed a merfolk
    18 | D:1      | Noticed a human
    18 | D:1      | Noticed a formicid
    20 | D:1      | Noticed an octopode
    20 | D:1      | Noticed a troll
    22 | D:1      | Noticed a vampire
    24 | D:1      | Noticed a minotaur
    24 | D:1      | Noticed an ogre
    26 | D:1      | Noticed a tengu
    26 | D:1      | Noticed an elf
   217 | D:1      | Reached XP level 2. HP: 24/24 MP: 2/2
   504 | D:1      | Reached XP level 3. HP: 24/29 MP: 3/3
   753 | D:1      | Reached ** piety under Trog
  1421 | D:2      | Reached XP level 4. HP: 19/35 MP: 4/4
  1578 | D:2      | Reached skill level 4 in Long Blades
  1640 | D:2      | Found a blossoming altar of Fedhas.
  1809 | D:3      | Found a transporter.
  1990 | D:3      | Reached XP level 5. HP: 9/41 MP: 5/5
  2374 | D:3      | Reached skill level 1 in Stealth
  2726 | D:3      | Found a transporter.
  2909 | D:3      | Found a faded altar of an unknown god.
  2926 | D:3      | Reached XP level 6. HP: 47/48 MP: 6/6
  3118 | D:3      | Found a basalt altar of Yredelemnul.
  3128 | D:3      | Found a glowing golden altar of the Shining One.
  3218 | D:3      | Noticed an angel
  3368 | D:4      | Reached skill level 5 in Long Blades
  3462 | D:4      | Noticed an ogre
  3475 | D:4      | Killed an ogre
  3526 | D:4      | Reached XP level 7. HP: 44/54 MP: 7/7
  3606 | D:4      | Reached *** piety under Trog
  3991 | D:4      | Noticed Edmund
  4037 | D:4      | Killed Edmund
  4038 | D:4      | Reached skill level 6 in Long Blades
  4335 | D:5      | Entered Level 5 of the Dungeon
  4391 | D:5      | Reached XP level 8. HP: 45/61 MP: 8/8
  4705 | D:5      | Found a glowing golden altar of the Shining One.
  5036 | D:5      | Noticed Duvessa
  5036 | D:5      | Noticed Dowan
  5059 | D:5      | Killed Dowan
  5060 | D:5      | Reached skill level 7 in Long Blades
  5145 | D:5      | Killed Duvessa
  5146 | D:5      | Reached skill level 1 in Evocations
  5326 | D:5      | Reached skill level 5 in Fighting
  5466 | D:5      | Reached XP level 9. HP: 60/68 MP: 9/9
  5871 | D:6      | Reached skill level 8 in Long Blades
  6161 | D:6      | Reached **** piety under Trog
  6704 | D:6      | Found a staircase to the Ecumenical Temple.
  6767 | D:7      | Found an opulent altar of Gozag.
  6836 | D:7      | Found a transporter.
  6849 | D:7      | Noticed a kobold demonologist
  6858 | D:7      | Found a transporter.
  8064 | D:8      | Reached skill level 9 in Long Blades
  8501 | D:8      | Reached skill level 5 in Dodging
  8501 | D:8      | Reached XP level 10. HP: 67/76 MP: 10/10
  8763 | D:8      | Reached skill level 5 in Armour
  9194 | D:8      | Reached skill level 10 in Long Blades
  9197 | D:8      | Reached ***** piety under Trog
  9675 | D:9      | Found a staircase to the Lair.
  9735 | D:9      | Found a staircase to the Orcish Mines.
  9757 | D:9      | Found a roughly hewn altar of Beogh.
 10411 | D:10     | Entered Level 10 of the Dungeon
 11512 | D:10     | Noticed a two-headed ogre
 11521 | D:10     | Killed a two-headed ogre
 11522 | D:10     | Reached XP level 11. HP: 85/85 MP: 11/11
 11582 | D:10     | Reached skill level 11 in Long Blades
 11726 | D:10     | Received a gift from Trog
 12077 | D:10     | Found Xaczal's Book Shoppe.
 12695 | D:11     | Found a flagged portal.
 12703 | D:11     | Paralysed by a hornet for 1 turns
 12706 | D:11     | Paralysed by a hornet for 1 turns
 12712 | D:11     | Paralysed by a hornet for 2 turns
 12715 | D:11     | Reached skill level 1 in Maces & Flails
 12716 | Bailey   | Entered a bailey
 13105 | Bailey   | HP: 4/129 [orc warrior/cursed +0 halberd (17)]
 13818 | Bailey   | HP: 5/129 [orc warrior/+0 spear (4)]
 13828 | Bailey   | HP: 1/86 [orc warrior/+0 spear (14)]
 14129 | Bailey   | Got a smoking falchion
 14138 | Bailey   | Identified the +2 falchion of Theory {vorpal, SInv} (You
                  | found it in a bailey)
 15208 | D:11     | Got a crude dagger
 15226 | D:11     | Found a stormy altar of Qazlal.
 15685 | D:11     | Identified the +3 dagger of Excruciating Pain {venom, rC++
                  | Int+2} (You found it on level 11 of the Dungeon)
 15759 | Lair:1   | Entered Level 1 of the Lair of Beasts
 15791 | Orc:1    | Entered Level 1 of the Orcish Mines
 15791 | Orc:1    | Noticed Snorg
 15807 | D:9      | Killed Snorg
 16515 | D:9      | Reached XP level 12. HP: 79/94 MP: 12/12
 17077 | Orc:2    | Entered Level 2 of the Orcish Mines
 17077 | Orc:2    | Found a staircase to the Elven Halls.
 17077 | Orc:2    | Noticed Jorgrun
 17095 | Orc:1    | Killed Jorgrun
 17135 | Orc:2    | Noticed an orc warlord
 17273 | Orc:2    | Noticed an orc warlord
 17716 | Orc:1    | Mangled by an orc warlord

Illustrated notes

Levels and vault maps discovered:
D:1:      kb_arrival_jail, layout_loops_corners
D:2:      layout_basic, fedhas_altar_fruit_tree
D:3:      gammafunk_steamed_eel, layout_loops_ring,
          grunt_temple_overflow_holy_war, chequers_ecumenical_altar_island
D:4:      layout_cave_pools, grunt_ministairs_6, amethyst_killhole, uniq_edmund
D:5:      layout_loops_cross, nicolae_tso_carved_into_rock, uniq_duvessa
D:6:      layout_basic, temple_statues
D:7:      gammafunk_wand_slinger, layout_loops_ring, nicolae_gozag_seed_capital,
          minivault_26
D:8:      layout_cave_pods, hangedman_decor_points
D:9:      layout_basic, lair_entry_dummy, minmay_orc_entry_temple_small
D:10:     layout_loops_ring, serial_shops, nicolae_shop_trees
D:11:     layout_long_grid, enter_bailey_6, grunt_qazlal_sundering
Lair:1:   layout_loops_ring, hibernation_bobbens
Orc:1:    layout_caves, serial_shops, shop_statue, mines4_lemuel,
          uniq_josephine, uniq_snorg
Orc:2:    st_orc_pillars, layout_caves, lightli_church_of_beogh, uniq_nessos,
          uniq_jorgrun

Skill      XL: |  1  2  3  4  5  6  7  8  9 10 11 12 |
---------------+-------------------------------------+-----
Long Blades    | 4 5 6 7 9 10 11 | 11.9
Stealth        | 1 2 3 4 |  4.5
Fighting       | 4 5 6 7 8 |  8.8
Dodging        | 3 4 5 6 7 |  7.4
Armour         | 3 4 6 8 9 |  9.2
Evocations     | 1 2 |  2.8
Maces & Flails | 2 |  2.3
Crossbows      | |  0.1

Action                   |  1- 3 |  4- 6 |  7- 9 | 10-12 || total
-------------------------+-------+-------+-------+-------++-------
Melee: Falchion          |   124 |   141 |   368 |   530 ||  1163
       Flail             |       |       |       |   113 ||   113
 Fire: Hand crossbow     |       |       |       |     3 ||     3
Invok: Berserk           |       |     3 |     5 |    12 ||    20
       Trog's Hand       |       |     1 |     1 |     7 ||     9
Evoke: Wand              |       |       |     7 |    29 ||    36
  Use: Scroll            |     1 |     5 |     6 |     9 ||    21
       Potion            |       |       |       |     3 ||     3
 Stab: Sleeping          |     2 |    10 |     5 |       ||    17
       Distracted        |       |     1 |       |       ||     1
Armor: Leather armour    |    35 |    41 |    41 |       ||   117
       Scale mail        |       |       |    87 |   329 ||   416
Dodge: Dodged            |   102 |    84 |   265 |   602 ||  1053
       Rpst.: Falchion   |    29 |    18 |    82 |    92 ||   221
